 Dungeon Crawl Stone Soup version 0.23.2-30-g0e89c35649 (webtiles) character file.

Game seed: 16679450224391441111

1555 Mrkan the Chopper (level 8, -5/64 HPs)
             Began as a Demonspawn Fighter on June 24, 2019.
             Slain by an orc warrior
             ... wielding a +0 halberd
              (12 damage)
             ... on level 7 of the Dungeon.
             The game lasted 00:08:53 (3776 turns).

Mrkan the Chopper (Demonspawn Fighter)              Turns: 3776, Time: 00:08:54

Health: -5/64      AC: 10    Str: 19    XL:     8   Next: 58%
Magic:  8/8        EV:  7    Int:  9    God:
Gold:   232        SH: 10    Dex: 13    Spells: 7/7 levels left

rFire    . . .     SeeInvis .   a - +0 war axe
rCold    . . .     Gourm    .   c - +0 shield
rNeg     . . .     Faith    .   j - +0 chain mail
rPois    .         Spirit   .   (no helmet)
rElec    .         Reflect  .   w - +0 cloak
rCorr    .         Harm     .   (no gloves)
MR       .....                  (no boots)
Stlth    ..........             (no amulet)
HPRegen  0.20/turn              (no ring)
MPRegen  0.11/turn              (no ring)

@: lethally poisoned (-5 -> -7)
A: talons 2, repulsion field 1, foul stench 1, rot immunity
a: no special abilities


You were on level 7 of the Dungeon.
You were not hungry.

You visited 1 branch of the dungeon, and saw 7 of its levels.

You collected 232 gold pieces.

Inventory:

Hand Weapons
 a - a +0 war axe (weapon)
 x - a +1 whip of flaming
Missiles
 o - 26 poisoned needles
Armour
 c - a +0 shield (worn)
 j - a +0 chain mail (worn)
 w - a +0 cloak (worn)
Wands
 r - a wand of iceblast (5)
Scrolls
 b - a scroll of immolation {unknown}
 e - a scroll of enchant weapon {unknown}
 h - 3 scrolls of magic mapping {unknown}
 i - 2 scrolls of amnesia {unknown}
 l - 5 scrolls of identify {unknown}
 m - a scroll of blinking {unknown}
 n - 4 scrolls of teleportation {unknown}
 t - a scroll of fear {unknown}
 u - a scroll of random uselessness {unknown}
Potions
 d - a potion of cancellation {unknown}
 g - a potion of curing {unknown}
 k - 2 potions of resistance {unknown}
 p - a potion of flight {unknown}
 q - a potion of agility {unknown}
 s - a potion of degeneration {unknown}
 v - a potion of heal wounds {unknown}
Comestibles
 f - 9 rations
 z - 8 chunks of flesh


   Skills:
 + Level 6.1 Fighting
 * Level 7.2 Axes
 - Level 2.6 Armour
 + Level 5.6 Shields


You had 7 spell levels left.
You didn't know any spells.
Your spell library contained the following spells:

 Spells                   Type           Power        Failure   Level  Hunger
 Magic Dart               Conj           #...         100%        1    ##.....
 Blink                    Tloc           N/A          100%        2    ###....
 Call Imp                 Summ           #.......     100%        2    ###....
 Slow                     Hex            #.......     100%        2    ###....
 Conjure Flame            Conj/Fire      #.......     100%        3    ####...
 Mephitic Cloud           Conj/Pois/Air  #.......     100%        3    ####...


Dungeon Overview and Level Annotations

Branches:
Dungeon (8/15)             Temple (0/1) D:7
   Lair: D:8-11

Altars:
Cheibriados
Elyvilon
Qazlal
Ru
Wu Jian
Xom


Innate Abilities, Weirdness & Mutations

You have razor-sharp toenails.
You are surrounded by a mild repulsion field. (EV +2)
You may emit foul miasma when damaged in melee.
You are immune to rotting.


Message History

The orc warrior looks sick.
The orc priest barely misses you.
You climb upwards.
You feel sick.
Found a staircase to the Ecumenical Temple.
There is a stone staircase leading down here.
You feel sick. The hound bites you. x2
The orc warrior hits you from afar with a +0 halberd!!
* * * LOW HITPOINT WARNING * * *
The worker ant bites you but does no damage.
Found a leatherbound book.
The hound barely misses you. You block the worker ant's attack.
You feel sick. The hound bites you but does no damage.
You feel sick. You block the hound's attack.
You feel sick. The hound bites you.
* * * LOW HITPOINT WARNING * * *
The hound looks sick.
There is a staircase to the Ecumenical Temple here.
You block the hound's attack.
The worker ant bites you but does no damage.
The orc warrior hits you from afar with a +0 halberd!
You die...

.....# .....#
..... :...
#############
#8.........8#
#..a.⌠.⌠....#
#..@h....>..#
#...ao.⌠....#
#8.........8#
#############
#..# ..## ###


You could see an orc warrior, a hound and 2 worker ants.

Vanquished Creatures
  Pikel (D:5)
  Grinder (D:5)
  Eustachio (D:5)
  A wyvern (D:5)
  A black bear (D:5)
  An ogre (D:5)
  A crimson imp (D:5)
  A jelly (D:5)
  A hound (D:4)
  Crazy Yiuf (D:4)
  An orc priest (D:5)
  An orc wizard (D:4)
  An iguana (D:3)
  2 worker ants
  5 adders
  An ooze (D:3)
  An adder zombie (D:5)
  A worm (D:2)
  6 dart slugs
  2 leopard geckos (D:2)
  10 orcs
  7 giant cockroaches
  10 goblins
  3 hobgoblins
  9 jackals
  20 kobolds
  4 quokkas
  2 ball pythons
  11 bats
  6 frilled lizards
  16 rats
129 creatures vanquished.

Notes
Turn   | Place    | Note
-------+----------+-------------------------------------------
     0 | D:1      | Mrkan the Demonspawn Fighter began the quest for the Orb.
     0 | D:1      | Reached XP level 1. HP: 18/18 MP: 1/1
    45 | D:1      | Reached skill level 2 in Axes
    88 | D:1      | Gained mutation: You are immune to rotting. [demonic
                  | ancestry]
    88 | D:1      | Reached XP level 2. HP: 23/24 MP: 2/2
   443 | D:1      | Gained mutation: You have sharp toenails. [demonic
                  | ancestry]
   443 | D:1      | Reached XP level 3. HP: 25/29 MP: 3/3
   938 | D:2      | Reached skill level 3 in Axes
   952 | D:2      | Found a white marble altar of Elyvilon.
  1074 | D:2      | Gained mutation: You have razor-sharp toenails. [demonic
                  | ancestry]
  1074 | D:2      | Reached XP level 4. HP: 27/35 MP: 4/4
  1528 | D:2      | Found a stormy altar of Qazlal.
  1969 | D:3      | Gained mutation: You are surrounded by a mild repulsion
                  | field. (EV +2) [demonic ancestry]
  1969 | D:3      | Reached XP level 5. HP: 37/42 MP: 5/5
  2403 | D:4      | Reached skill level 4 in Axes
  2598 | D:4      | Found a runed translucent door.
  2599 | D:4      | Noticed Crazy Yiuf
  2648 | D:4      | Gained mutation: You may emit foul miasma when damaged in
                  | melee. [demonic ancestry]
  2648 | D:4      | Reached XP level 6. HP: 48/48 MP: 6/6
  2771 | D:4      | Killed Crazy Yiuf
  2838 | D:5      | Entered Level 5 of the Dungeon
  3065 | D:5      | Noticed a wyvern
  3067 | D:5      | Noticed a slave
  3069 | D:5      | Killed a wyvern
  3069 | D:5      | Reached skill level 5 in Axes
  3069 | D:5      | Reached XP level 7. HP: 45/55 MP: 7/7
  3075 | D:5      | Noticed Pikel
  3148 | D:5      | Killed Pikel
  3148 | D:5      | Reached skill level 5 in Fighting
  3148 | D:5      | Reached skill level 6 in Axes
  3148 | D:5      | Reached skill level 5 in Shields
  3148 | D:5      | Reached XP level 8. HP: 12/63 MP: 8/8
  3310 | D:5      | Noticed Eustachio
  3320 | D:5      | Killed Eustachio
  3408 | D:5      | Found a snail-covered altar of Cheibriados.
  3447 | D:5      | Found an ornate altar of the Wu Jian Council.
  3453 | D:5      | Found a shimmering altar of Xom.
  3457 | D:5      | Found a sacrificial altar of Ru.
  3457 | D:5      | Noticed Grinder
  3461 | D:5      | Paralysed by Grinder for 7 turns
  3472 | D:5      | Killed Grinder
  3472 | D:5      | Reached skill level 7 in Axes
  3758 | D:5      | You fall through a shaft for 3 floors!
  3769 | D:7      | Found a staircase to the Ecumenical Temple.
  3776 | D:7      | Slain by an orc warrior

Skill      XL: |  1  2  3  4  5  6  7  8 |
---------------+-------------------------+-----
Axes           | 2 3 4 5 6 7 |  7.2
Shields        | 3 4 5 |  5.6
Fighting       | 4 5 6 |  6.1
Armour         | |  2.6

Action                   |  1- 3 |  4- 6 |  7- 9 || total
-------------------------+-------+-------+-------++-------
Melee: War axe           |   152 |   171 |    71 ||   394
       Kick              |    13 |    49 |    19 ||    81
  Use: Potion            |       |       |     1 ||     1
  Eat: Chunk             |     1 |     7 |     2 ||    10
Armor: Scale mail        |    31 |       |       ||    31
       Chain mail        |    57 |   118 |    38 ||   213
Dodge: Dodged            |    38 |    42 |    31 ||   111
Block: Shield            |    84 |   107 |    46 ||   237
